 Dungeon Crawl Stone Soup version 0.31.0-11-ge490571c62 (webtiles) character file.

Game seed: 11907997546743872902

1438 Aviak the Trooper (level 9, -1/69 HPs)
             Began as a Formicid Alchemist on Feb 2, 2024.
             Was a Believer of Zin.
             Slain by a troll (10 damage)
             ... on level 7 of the Dungeon.
             The game lasted 00:10:54 (6930 turns).

Aviak the Trooper (Formicid Alchemist)              Turns: 6930, Time: 00:10:55

Health: -1/69      AC:  9    Str: 18    XL:     9   Next: 3%
Magic:  1/13       EV: 11    Int: 14    God:    Zin [**....]
Gold:   256        SH:  5    Dex: 20    Spells: 11/14 levels left

rFire   . . .        n - +1 whip (elec)
rCold   . . .        (no shield)
rNeg    . . .        A - +0 ring mail
rPois   .            (helmet unavailable)
rElec   .            (no cloak)
rCorr   +            e - +2 pair of gloves
SInv    +            (no boots)
Will    .....        I - amulet of reflection
Stlth   ++           f - ring of resist corrosion
HPRegen 0.31/turn    H - +6 ring of dexterity
MPRegen 0.13/turn

%: reflection
@: on recite cooldown
A: permanent stasis, dig shafts and tunnels, antennae 3, four strong arms
a: Dig, Shaft Self, Renounce Religion, Recite, Vitalisation, Donate Gold


You were on level 7 of the Dungeon.
You worshipped Zin.
Zin was pleased with you.
You visited 1 branch of the dungeon, and saw 7 of its levels.

You collected 284 gold pieces.
You donated 28 gold pieces to Zin.

Inventory:

Hand Weapons
 h - a +0 war axe
 k - a +0 dagger
 n - a +1 whip of electrocution (weapon)
 o - a +4 hand axe
 s - a +2 whip of venom
Armour
 a - a +0 robe
 e - a +2 pair of gloves (worn)
 A - a +0 ring mail (worn)
 B - a +1 plate armour of willpower
Jewellery
 f - a ring of resist corrosion (left hand)
 G - a ring of magical power
 H - a +6 ring of dexterity (right hand)
 I - an amulet of reflection (around neck)
Wands
 y - a wand of flame (20)
 E - a wand of paralysis (8)
Scrolls
 d - a scroll of poison {unknown}
 g - 7 scrolls of identify {unknown}
 j - 2 scrolls of fog {unknown}
 p - 3 scrolls of teleportation {unknown}
 q - a scroll of amnesia {unknown}
 r - a scroll of blinking {unknown}
 t - 2 scrolls of immolation {unknown}
 v - a scroll of revelation {unknown}
 x - a scroll of enchant armour {unknown}
Potions
 b - a potion of magic
 c - 4 potions of curing
 i - a potion of heal wounds {unknown}
 l - 4 potions of might {unknown}
 m - 2 potions of lignification {unknown}
 u - a potion of berserk rage {unknown}
 w - a potion of ambrosia {unknown}
 z - a potion of enlightenment {unknown}
 C - a potion of degeneration {unknown}
 D - a potion of haste {unknown}
 F - a potion of resistance {unknown}


   Skills:
 + Level 6.0 Fighting
 + Level 5.0 Maces & Flails
 + Level 4.3 Armour
 - Level 2.0 Dodging
 - Level 2.4 Stealth
 - Level 3.0 Spellcasting
 - Level 2.0 Conjurations
 - Level 5.0 Alchemy
 + Level 4.8 Invocations


You had 11 spell levels left.
You knew the following spells:

 Your Spells              Type           Power      Damage    Failure   Level
a - Sting                 Conj/Alch      44%        1d5       9%          1
b - Mercury Vapours       Alch/Air       18%        N/A       19%         2

Your spell library contained the following spells:

 Spells                   Type           Power      Damage    Failure   Level
 Sandblast                Erth           4%         2d4       34%         1
 Mephitic Cloud           Conj/Alch/Air  8%         N/A       38%         3
 Olgreb's Toxic Radiance  Alch           16%        N/A       41%         4
 Ensorcelled Hibernation  Hex/Ice        4%         N/A       47%         2
 Sublimation of Blood     Necr           2%         N/A       47%         2
 Stone Arrow              Conj/Erth      8%         3d7       56%         3
 Fugue of the Fallen      Necr           2%         N/A       71%         3
 Passwall                 Erth           2%         N/A       71%         3
 Petrify                  Alch/Erth      9%         N/A       77%         4
 Sticky Flame             Fire/Alch      9%         2d5       77%         4
 Brom's Barrelling Bould  Conj/Erth      4%         2d3       93%         4
 Irradiate                Conj/Alch      5%         3d13      93%         5
 Anguish                  Hex/Necr       1%         N/A       98%         4
 Freezing Cloud           Conj/Ice/Air   1%         6-21      100%        5


Dungeon Overview and Level Annotations

Branches:
Dungeon (7/15)             Temple (0/1) D:5

Altars:
Fedhas
Gozag
Kikubaaqudgha
Okawaru
Sif Muna
Zin

Shops:
D:5 *   D:7 *

Annotations:
D:1 1 transporter


Innate Abilities, Weirdness & Mutations

You cannot be hasted, slowed, berserked, paralysed or teleported.
You can dig through walls and to a lower floor.
You have a pair of large antennae on your head. (SInv)
Your four strong arms can wield two-handed weapons with a shield.


Message History

You whack the bullfrog!
The bullfrog is almost dead.
The troll is no longer weakened.
You kill the bullfrog!
Your Fighting skill increases to level 6!
Your Maces & Flails skill increases to level 5!
You have reached level 9!
Your experience leads to an increase in your attributes!
Your base attributes are Str 16, Int 14, Dex 14.
Increase (S)trength, (I)ntelligence, or (D)exterity?
You feel stronger. x2
You closely miss the troll.
The troll is lightly wounded. "...the altar, that judgement might be passed..."
The troll is dazed by your recitation. The troll bites you.
The troll misses you. The troll claws you but does no damage.
You hit the troll but do no damage.
The troll is lightly wounded. "...upon those who were not faithful."
You finish reciting Apostates 4:3.
The troll is lost in a daze.
Your magical contamination has completely faded away.
You hit the troll.
The troll is moderately wounded.
The troll bites you! The troll barely misses you. You block the troll's attack.
You hit the troll. Lightning courses through the troll!
The troll is severely wounded.
The troll is no longer dazed.
The troll bites you! The troll claws you. You block the troll's attack.
You barely miss the troll.
The troll is severely wounded.
The troll bites you! The troll claws you. The troll barely misses you.
You hit the troll but do no damage.
The troll is severely wounded.
You hit the troll but do no damage.
The troll is almost dead.
The troll bites you!
* * * LOW HITPOINT WARNING * * *
The troll claws you!
You die...

#......# #######...
#......# #... #......#
#... ##'##### #... #.#
#... ########'##### ...
#............##### ..
#............'...# #
#............###@#
#............###T#######
#............#..........
#....<.......#..........
#............#..........
#............#..........
#............#..........
##############..........
#..........


You could see a troll (very poisoned).

Vanquished Creatures
  A vampire (D:7)
  An orc warrior (D:7)
  2 black bears
  A centaur (D:6)
  2 phantoms
  2 bullfrogs
  3 scorpions
  2 howler monkeys (D:7)
  2 jellies
  A hound (D:5)
  2 iguanas
  2 orc wizards
  10 adders
  A white imp (D:5)
  A dart slug (D:1)
  2 ribbon worms
  16 orcs
  A bat zombie (D:4)
  9 endoplasms
  A giant cockroach (D:1)
  13 goblins
  5 hobgoblins
  A quokka (D:1)
  4 ball pythons
  2 bats
  4 frilled lizards
  2 frilled lizard zombies (D:4)
  13 kobolds
  11 rats
117 creatures vanquished.

Notes
Turn   | Place    | Note
-------+----------+-------------------------------------------
     0 | D:1      | Aviak the Formicid Alchemist began the quest for the Orb.
     0 | D:1      | Reached XP level 1. HP: 13/13 MP: 3/3
    25 | D:1      | Reached skill level 1 in Conjurations
   150 | D:1      | Reached XP level 2. HP: 19/20 MP: 1/5
   361 | D:1      | Reached skill level 1 in Fighting
   426 | D:1      | Learned a level 2 spell: Mercury Vapours
   446 | D:1      | Reached XP level 3. HP: 26/26 MP: 4/6
  1345 | D:2      | Reached XP level 4. HP: 27/32 MP: 2/8
  2330 | D:3      | Found an opulent altar of Gozag.
  2343 | D:3      | Reached skill level 2 in Fighting
  2427 | D:3      | Reached XP level 5. HP: 32/38 MP: 3/9
  2715 | D:3      | Reached skill level 5 in Alchemy
  2835 | D:3      | Found a glowing silver altar of Zin.
  2870 | D:3      | Became a worshipper of Zin the Law-Giver
  2870 | D:3      | Reached * piety under Zin
  3099 | D:4      | Reached skill level 1 in Maces & Flails
  3729 | D:4      | Noticed a black bear
  3746 | D:4      | Killed a black bear
  3747 | D:4      | Reached skill level 3 in Fighting
  3747 | D:4      | Reached XP level 6. HP: 26/48 MP: 0/10
  3968 | D:4      | Found an ancient bone altar of Kikubaaqudgha.
  3991 | D:4      | Found a shimmering blue altar of Sif Muna.
  4026 | D:4      | Found an iron altar of Okawaru.
  4093 | D:5      | Entered Level 5 of the Dungeon
  4416 | D:5      | Reached skill level 4 in Fighting
  4416 | D:5      | Reached skill level 1 in Armour
  4416 | D:5      | Reached skill level 1 in Invocations
  4416 | D:5      | Reached XP level 7. HP: 54/54 MP: 6/11
  4457 | D:5      | Found Luuch's Luxury Loot.
  4640 | D:5      | Found a staircase to the Ecumenical Temple.
  5196 | D:6      | Reached XP level 8. HP: 61/61 MP: 7/12
  5332 | D:6      | Reached ** piety under Zin
  5614 | D:6      | Reached skill level 5 in Fighting
  6195 | D:7      | Noticed a vampire
  6539 | D:7      | Found a blossoming altar of Fedhas.
  6657 | D:7      | Found Kiupeir's Blasphemy Boutique.
  6663 | D:7      | Killed a vampire
  6908 | D:7      | Noticed a troll
  6924 | D:7      | Reached skill level 6 in Fighting
  6924 | D:7      | Reached skill level 5 in Maces & Flails
  6924 | D:7      | Reached XP level 9. HP: 62/69 MP: 0/13
  6930 | D:7      | Slain by a troll

Illustrated notes

Levels and vault maps discovered:
D:1:      spicycebolla_arrival_risky_transporter, layout_loops_cross,
          serial_glass, glass_columns_a, glass_columns_a
D:2:      layout_loops_ring, minmay_tetromino_o2
D:3:      layout_rooms, lemuel_tele_altar, mainiacjoe_overflow_tiny_flanked
D:4:      layout_loops_ring, lemuel_zombie_altar_kikubaaqudgha, minitemple,
          nrook_mini_backslash
D:5:      layout_loops_ring, temple_doors_e, dk_noncrumbling_3, glass_columns_b,
          nicolae_alphabet_shops
D:6:      layout_gridville
D:7:      layout_basic, nicolae_overflow_hidden_temple, nicolae_evil_shop

Skill      XL: |  1  2  3  4  5  6  7  8 |
---------------+-------------------------+-----
Conjurations   | 1 2 |  2.0
Dodging        | 2 |  2.0
Fighting       | 1 2 3 4 6 |  6.0
Spellcasting   | 3 |  3.0
Alchemy        | 5 |  5.0
Maces & Flails | 2 3 5 |  5.0
Armour         | 1 2 4 |  4.3
Invocations    | 1 2 4 |  4.8
Stealth        | |  2.4

Action                     |  1- 3 |  4- 6 |  7- 9 || total
---------------------------+-------+-------+-------++-------
  Melee: Dagger            |    29 |       |       ||    29
         Unarmed           |     4 |       |       ||     4
         War axe           |     2 |     3 |       ||     5
         Whip              |       |    51 |   133 ||   184
         Punch             |       |       |     3 ||     3
   Cast: Sting             |    59 |   112 |    17 ||   188
         Mercury Vapours   |       |     6 |    21 ||    27
 Invoke: Recite            |       |     1 |     6 ||     7
    Use: Potion            |       |       |     1 ||     1
   Stab: Distracted        |     1 |     1 |       ||     2
         Invisible         |       |       |     1 ||     1
 Armour: Robe              |    22 |    48 |       ||    70
         Ring mail         |       |     6 |   126 ||   132
  Dodge: Dodged            |    30 |    49 |    78 ||   157
  Block: Other             |       |       |    11 ||    11
